 Dungeon Crawl Stone Soup version 0.29-a0-721-g7f417c9bbb (webtiles) character file.

Game seed: 11021655114418180913

83829 dolemite99 the Impaler (level 15, 0/201 HPs)
             Began as a Minotaur Hunter on June 27, 2022.
             Was a Priest of Cheibriados.
             Killed from afar by a deep elf pyromancer (6 damage)
             ... with a sticky flame
             ... on level 12 of the Dungeon.
             The game lasted 00:34:37 (32396 turns).

dolemite99 the Impaler (Minotaur Hunter)           Turns: 32396, Time: 00:34:38

Health: 0/201      AC: 27    Str: 27    XL:     15   Next: 33%
Magic:  9/21       EV: 18    Int: 18    God:    Cheibriados [***...]
Gold:   240        SH:  0    Dex: 32    Spells: 14/14 levels left

rFire   . . .      SeeInvis .   a - +0 glaive
rCold   . . .      Faith    +   (shield currently unavailable)
rNeg    . . .      Spirit   .   x - +0 plate armour
rPois   .          Reflect  .   h - +2 hat
rElec   .          Harm     .   G - +2 cloak
rCorr   .          Rampage  .   D - +2 pair of gloves
Will    ++...                   R - +2 pair of boots
Stlth   ..........              N - amulet of Xidghapp {Faith Int+4}
HPRegen 0.43/turn               k - +6 ring of dexterity
MPRegen 0.17/turn               M - ring of willpower

@: berserking, on fire, glowing, studying Polearms, very slow
A: horns 2, retaliatory headbutt
a: Renounce Religion, Bend Time, Temporal Distortion


You were on level 12 of the Dungeon.
You worshipped Cheibriados.
Cheibriados was most pleased with you.
You visited 3 branches of the dungeon, and saw 20 of its levels.

You collected 2814 gold pieces.
You spent 2574 gold pieces at shops.

Inventory:

Hand Weapons
 a - a +0 glaive (weapon)
 b - a +7 vorpal triple crossbow
 j - a +1 vorpal battleaxe
Missiles
 i - 42 poisoned darts
 y - 16 javelins
 C - a throwing net
Armour
 h - a +2 hat (worn)
 x - a +0 plate armour (worn)
 D - a +2 pair of gloves (worn)
 G - a +2 cloak (worn)
 R - a +2 pair of boots (worn)
Magical Staves
 u - a staff of air
Jewellery
 c - a +6 ring of dexterity {=R}
 k - a +6 ring of dexterity (left hand)
 t - a ring of protection from cold
 M - a ring of willpower (right hand)
 N - the amulet of Xidghapp (around neck) {Faith Int+4}
   (You found it on level 9 of the Dungeon)

   [amulet of faith]

   It allows you to gain divine favour quickly.
   Int:       It affects your intelligence (+4).
 Q - a +6 ring of intelligence
 S - a ring of ice
 X - a ring of resist corrosion
 Z - an amulet of faith
Wands
 e - a wand of mindburst (16)
 A - a wand of flame (33)
 F - a wand of iceblast (11)
 I - a wand of charming (14)
 O - a wand of digging (6)
 P - a wand of light (4)
 V - a wand of polymorph (11)
Scrolls
 f - 4 scrolls of teleportation
 l - 5 scrolls of immolation
 m - 6 scrolls of vulnerability
 o - 3 scrolls of identify {@r1}
 v - 4 scrolls of silence
 w - a scroll of enchant armour
 E - 4 scrolls of poison
 J - a scroll of magic mapping
 Y - 3 scrolls of fog
Potions
 d - 8 potions of attraction
 g - 3 potions of berserk rage
 n - 6 potions of flight
 p - 4 potions of lignification
 r - 7 potions of brilliance
 s - 4 potions of cancellation
 z - 3 potions of resistance
 B - a potion of might
 T - 2 potions of magic
 U - 4 potions of curing
 W - a potion of ambrosia
Miscellaneous
 q - a phial of floods (inert)
 H - a tin of tremorstones (2/2)
 K - a box of beasts


   Skills:
 - Level 12.3 Fighting
 - Level 13.8(16.7) Axes
 + Level 15.6(17.7) Polearms
 - Level 10.8 Ranged Weapons
 - Level 10.2 Armour
 - Level 11.1 Dodging
 - Level 0.7 Stealth
 - Level 10.3 Invocations
 - Level 6.7 Evocations


You had 14 spell levels left.
You didn't know any spells.
Your spell library contained the following spells:

 Spells                   Type           Power      Damage    Failure   Level
 Freeze                   Ice            0%         1d3       88%         1
 Magic Dart               Conj           0%         1d3       88%         1
 Sandblast                Erth           0%         2d4       88%         1
 Ensorcelled Hibernation  Hex/Ice        0%         N/A       96%         2
 Passwall                 Tmut/Erth      0%         N/A       96%         2
 Poisonous Vapours        Pois/Air       0%         N/A       96%         2
 Searing Ray              Conj           0%         2d4       96%         2
 Static Discharge         Conj/Air       0%         N/A       96%         2
 Sublimation of Blood     Necr           0%         N/A       96%         2
 Wereblood                Tmut           0%         N/A       96%         2
 Dazzling Flash           Conj/Hex       0%         N/A       99%         3
 Frozen Ramparts          Ice            0%         1d2       99%         3
 Gell's Gravitas          Tloc           0%         N/A       99%         3
 Spider Form              Tmut/Pois      0%         N/A       99%         3
 Stone Arrow              Conj/Erth      0%         3d7       99%         3
 Swiftness                Air            0%         N/A       99%         3
 Teleport Other           Tloc           0%         N/A       99%         3
 Anguish                  Hex/Necr       0%         N/A       100%        4
 Animate Dead             Necr           0%         N/A       100%        4
 Cause Fear               Hex            0%         N/A       100%        4
 Corpse Rot               Necr/Pois/Air  0%         N/A       100%        4
 Fulminant Prism          Conj/Hex       0%         3d6       100%        4
 Hailstorm                Conj/Ice       0%         3d3       100%        4
 Ice Form                 Ice/Tmut       0%         N/A       100%        4
 Iskenderun's Mystic Bla  Conj/Tloc      0%         2d3       100%        4
 Summon Ice Beast         Ice/Summ       0%         N/A       100%        4
 Lee's Rapid Deconstruct  Erth           0%         3d5*      100%        5
 Lightning Bolt           Conj/Air       0%         1d11      100%        5
 Summon Forest            Summ/Tloc      0%         N/A       100%        5
 Summon Mana Viper        Hex/Summ       0%         N/A       100%        5
 Dispersal                Tloc           0%         N/A       100%        6
 Eringya's Noxious Bog    Tmut/Pois      0%         N/A       100%        6
 Starburst                Conj/Fire      0%         6d3       100%        6
 Dragon Form              Tmut           0%         N/A       100%        7
 Haunt                    Necr/Summ      0%         N/A       100%        7
 Monstrous Menagerie      Summ           0%         N/A       100%        7
 Summon Hydra             Summ           0%         N/A       100%        7
 Infestation              Necr           0%         N/A       100%        8
 Maxwell's Capacitive Co  Air            0%         ∞         100%        8
 Dragon's Call            Summ           0%         N/A       100%        9


Dungeon Overview and Level Annotations

Branches:
Dungeon (12/15)            Temple (0/1) D:5            Lair (6/6) D:9
 Shoals (0/4) Lair:2        Snake (0/4) Lair:2        Slime (0/5) Lair:5
    Orc (2/2) D:10            Elf (0/3) Orc:2

Altars:
Cheibriados
Dithmenos
Kikubaaqudgha
Nemelex Xobeh
Okawaru
Qazlal
Ru
Sif Muna
Trog
Yredelemnul
Zin
Beogh
Jiyva

Shops:
D:9 (   D:12 (   Orc:2 [*?*

Annotations:
D:8 1 runed translucent door
D:9 2 transporters, zhov's ghost, novice KoHu
Orc:1 Erica
Orc:2 exclusion: upstairs


Innate Abilities, Weirdness & Mutations

You have a pair of horns on your head.
You reflexively headbutt those who attack you in melee.


Message History

The fire elemental completely misses you.
Okay, then.
Aiming: Bolt of Light
Press: ? - help, Shift-Dir - straight line, f - deep elf pyromancer
Aim: a deep elf pyromancer, wielding a +0 long sword (moderately wounded, 64% to hit)
The bolt of light misses the deep elf pyromancer.
The fire elemental barely misses you. You furiously retaliate!
You headbutt the fire elemental. The fire elemental hits you.
The fire elemental burns you!
* * * LOW HITPOINT WARNING * * *
The deep elf pyromancer barely misses you.
The fire elemental hits you. The fire elemental burns you!
* * * LOW HITPOINT WARNING * * *
Aiming: Bolt of Light
Press: ? - help, Shift-Dir - straight line, f/p - deep elf pyromancer
Aim: a deep elf pyromancer, wielding a +0 long sword (moderately wounded, 64% to hit)
The bolt of light hits the deep elf pyromancer!
The deep elf pyromancer is heavily wounded.
The deep elf pyromancer is blinded.
The fire elemental misses you. You furiously retaliate!
You headbutt the fire elemental! The fire elemental hits you.
The fire elemental burns you!
* * * LOW HITPOINT WARNING * * *
The fire elemental closely misses you. You furiously retaliate!
You headbutt the fire elemental!
The deep elf pyromancer barely misses you.
You furiously retaliate!
You headbutt the deep elf pyromancer! The fire elemental hits you.
The fire elemental burns you!
* * * LOW HITPOINT WARNING * * *
Okay, then.
Okay, then.
A red film seems to cover your vision as you go berserk!
Cheibriados forces you to slow down.
You feel mighty! The fire elemental hits you. The fire elemental burns you!
* * * LOW HITPOINT WARNING * * *
The fire elemental hits you. The fire elemental burns you!
* * * LOW HITPOINT WARNING * * *
The deep elf pyromancer points at you and mumbles some strange words.
The sticky flame hits you.
You are covered in liquid flames!
You die...

#....#....#....
#....########## ###
#....#....#....
...#######....#....#....
..............'....#....
..............#....#....
..............########..
†.....EE......#......#..
☼○#°.e@......#...[..#..
$.....E..#....#......#..
.........#....#......'..
.........#....#......#..
.........#....#......#..
.........#....#......#..
########################


You could see a deep elf pyromancer (blind) and 3 fire elementals.

Vanquished Creatures
  Gastronok (Lair:1)
  Azrael (D:12)
  4 hydras
  An ogre mage (D:10)
  2 boulder beetles
  3 catoblepae
  4 two-headed ogres
  9 death yaks
  An orc high priest (Orc:2)
  A lindwurm (Lair:4)
  10 orc knights (Orc:2)
  3 ugly things
  4 orc sorcerers (Orc:2)
  A wolf spider (Lair:6)
  2 manticores (D:12)
  12 elephants
  6 cyclopes
  11 black mambas
  A merfolk siren (Lair:2)
  A guardian serpent (Lair:6)
  2 vault sentinels (D:11)
  2 gargoyles
  13 cane toads
  A rime drake (Lair:3)
  An efreet (D:10)
  3 kobold demonologists
  12 komodo dragons
  11 polar bears
  7 trolls
  A merfolk (Lair:2)
  3 hornets
  2 raiju (Lair:6)
  10 slime creatures
  9 saltlings (Orc:2)
  9 blink frogs (Lair:3)
  2 centaur simulacra (D:12)
  A vampire (D:11)
  15 wyverns
  2 wraiths
  4 shadows
  3 basilisks
  58 yaks
  4 fire elementals (D:12)
  A golden eye (shapeshifter) (D:12)
  3 redbacks (Lair:6)
  A steam dragon (D:8)
  Edmund (D:5)
  4 nagas (Lair:2)
  5 wargs
  2 acid dragons
  Duvessa (D:5)
  22 water moccasins
  13 orc warriors
  19 hell hounds
  A sky beast (Lair:2)
  3 ice beasts
  12 black bears
  12 ogres
  23 wolves
  4 centaurs
  2 phantoms (D:10)
  3 kobold brigands (D:9)
  Blork the orc (D:5)
  2 necrophages
  9 bullfrogs
  A scorpion (D:10)
  Dowan (D:5)
  17 killer bees
  7 electric eels
  A howler monkey (D:6)
  A jelly (D:7)
  7 hounds
  15 orc priests
  A gnoll shaman (D:6)
  Natasha (thrice) (D:3)
  3 iguanas
  25 orc wizards
  5 ogre zombies (D:10)
  12 gnolls
  7 adders
  3 shadow imps
  3 white imps
  2 ufetubi
  A worm (D:4)
  63 orcs
  4 ball pythons
  8 bats
  4 endoplasms
  4 hobgoblins
  4 jackals (D:2)
  14 kobolds
  5 quokkas
  2 frilled lizards
  3 goblins
  A goblin skeleton (D:10)
  2 goblin zombies (D:10)
  2 hobgoblin skeletons (D:10)
  A hobgoblin zombie (D:10)
  An orc skeleton (D:10)
  9 orc zombies (D:10)
  4 rats
  A pillar of salt (Orc:2)
644 creatures vanquished.

Vanquished Creatures (collateral kills)
  An orc sorcerer (Orc:2)
  An ogre zombie (D:10)
  An orc zombie (D:10)
3 creatures vanquished.

Vanquished Creatures (others)
  An orc zombie (D:10)
  23 fungi
  8 pillars of salt (Orc:2)
  80 plants
112 creatures vanquished.

Grand Total: 759 creatures vanquished

Notes
Turn   | Place    | Note
-------+----------+-------------------------------------------
     0 | D:1      | dolemite99 the Minotaur Hunter began the quest for the Orb.
     0 | D:1      | Reached XP level 1. HP: 18/18 MP: 0/0
    71 | D:1      | Found a faded altar of an unknown god.
    84 | D:1      | Prayed at the altar of an unknown god.
    84 | D:1      | Became a worshipper of Cheibriados the Contemplative
    84 | D:1      | Reached * piety under Cheibriados
   104 | D:1      | Identified the +1 dagger of Xorr {antimagic, rN+ Str+9}
   179 | D:1      | You fall into a shaft and drop 1 floor!
   187 | D:2      | Reached XP level 2. HP: 22/25 MP: 1/1
   189 | D:2      | Reached skill level 5 in Ranged Weapons
   452 | D:1      | Reached ** piety under Cheibriados
   791 | D:1      | Reached XP level 3. HP: 30/30 MP: 2/2
  1472 | D:2      | Found an iron altar of Okawaru.
  1737 | D:2      | Identified a scroll of acquirement
  1737 | D:2      | Acquired a +2 vorpal triple crossbow
  1995 | D:3      | Reached skill level 2 in Polearms
  1995 | D:3      | Reached XP level 4. HP: 37/37 MP: 3/3
  2416 | D:3      | Reached skill level 3 in Polearms
  2512 | D:3      | Noticed Natasha
  2513 | D:3      | Killed Natasha
  2515 | D:3      | Noticed Natasha
  2516 | D:3      | Killed Natasha
  2517 | D:3      | Reached skill level 4 in Polearms
  2517 | D:3      | Reached XP level 5. HP: 42/42 MP: 4/4
  2675 | D:3      | Noticed Natasha
  2677 | D:3      | Killed Natasha
  2872 | D:4      | Reached skill level 5 in Polearms
  2872 | D:4      | Reached *** piety under Cheibriados
  2894 | D:4      | Noticed an ogre
  2901 | D:4      | Killed an ogre
  2902 | D:4      | Reached skill level 6 in Polearms
  2902 | D:4      | Reached XP level 6. HP: 36/50 MP: 5/5
  3145 | D:4      | Reached skill level 7 in Polearms
  3582 | D:4      | Identified the -2 buckler "Figerrif" {rPois rF- Int+3 SInv}
  3869 | D:5      | Entered Level 5 of the Dungeon
  3918 | D:5      | Reached XP level 7. HP: 9/56 MP: 6/6
  4540 | D:5      | Noticed Edmund
  4543 | D:5      | Killed Edmund
  4805 | D:5      | Found a staircase to the Ecumenical Temple.
  5028 | D:5      | Noticed Blork the orc
  5032 | D:5      | Reached **** piety under Cheibriados
  5033 | D:5      | Killed Blork the orc
  5476 | D:5      | Found a sparkling altar of Nemelex Xobeh.
  5477 | D:5      | Found a shadowy altar of Dithmenos.
  5479 | D:5      | Found a stormy altar of Qazlal.
  5531 | D:5      | Reached XP level 8. HP: 62/62 MP: 7/7
  5657 | D:6      | Noticed Dowan
  5658 | D:6      | Noticed Duvessa
  6260 | D:5      | Killed Duvessa
  6264 | D:5      | Killed Dowan
  6367 | D:6      | Reached skill level 10 in Ranged Weapons
  7333 | D:6      | Found a sacrificial altar of Ru.
  7471 | D:7      | Reached ***** piety under Cheibriados
  7478 | D:7      | Reached XP level 9. HP: 68/68 MP: 11/11
  7982 | D:7      | Reached skill level 5 in Invocations
  8260 | D:7      | Found a shimmering blue altar of Sif Muna.
  8584 | D:8      | Found a runed translucent door.
  8584 | D:8      | Found a basalt altar of Yredelemnul.
  9253 | D:8      | Found an ancient bone altar of Kikubaaqudgha.
  9349 | D:8      | Identified the +7 scimitar "Zuopt" {spect, SInv}
  9369 | D:8      | Noticed a komodo dragon
  9371 | D:8      | Killed a komodo dragon
  9827 | D:9      | Identified the amulet of Xidghapp {Faith Int+4}
 10303 | D:9      | Found a transporter.
 10306 | D:9      | Noticed zhov's ghost (novice KoHu)
 10307 | D:9      | Found a transporter.
 10308 | D:9      | Noticed a tengu warrior
 10309 | D:9      | Noticed a five-headed hydra
 10319 | D:9      | Noticed a kobold demonologist
 10321 | D:9      | Killed a kobold demonologist
 10325 | D:9      | Noticed a kobold demonologist
 10330 | D:9      | Killed a kobold demonologist
 10331 | D:9      | Reached XP level 10. HP: 74/74 MP: 16/16
 10692 | D:9      | Reached skill level 10 in Invocations
 11045 | D:9      | Found Udisuysk's Antique Weapon Shoppe.
 11084 | D:9      | Noticed an elephant
 11085 | D:9      | Found a staircase to the Lair.
 11097 | D:9      | Killed an elephant
 11098 | D:9      | Reached skill level 5 in Armour
 11643 | D:10     | Entered Level 10 of the Dungeon
 11643 | D:10     | Noticed a gargoyle
 11645 | D:10     | Killed a gargoyle
 12199 | D:10     | Noticed an ogre mage
 12201 | D:10     | Noticed a cyclops
 12205 | D:10     | Killed an ogre mage
 12214 | D:10     | Killed a cyclops
 12403 | D:10     | Reached XP level 11. HP: 77/80 MP: 17/17
 12473 | D:10     | Reached skill level 10 in Armour
 12572 | D:10     | Found a bloodstained altar of Trog.
 12702 | D:10     | Found a staircase to the Orcish Mines.
 13237 | D:10     | Noticed a two-headed ogre
 13238 | D:10     | Reached skill level 5 in Fighting
 13240 | D:10     | Killed a two-headed ogre
 13704 | D:10     | Found a glowing silver altar of Zin.
 13804 | Orc:1    | Entered Level 1 of the Orcish Mines
 13835 | D:11     | Noticed a two-headed ogre
 13840 | D:11     | Killed a two-headed ogre
 14364 | D:11     | Noticed a cyan ugly thing
 14366 | D:11     | Killed a cyan ugly thing
 14369 | D:11     | Noticed a boulder beetle
 14380 | D:11     | Killed a boulder beetle
 14381 | D:11     | Reached skill level 10 in Fighting
 14764 | D:11     | Reached XP level 12. HP: 24/111 MP: 10/18
 15389 | D:11     | Found the +18 shield of the Gong {rElec rN+ Will+ EV-5}
 15819 | Lair:1   | Entered Level 1 of the Lair of Beasts
 16063 | D:9      | Reached skill level 8 in Polearms
 16492 | Lair:1   | Noticed a seven-headed hydra
 16498 | Lair:1   | Killed a seven-headed hydra
 16499 | Lair:1   | Reached skill level 9 in Polearms
 17442 | Lair:1   | Reached skill level 10 in Polearms
 17757 | Lair:1   | Noticed Gastronok
 17770 | Lair:1   | Killed Gastronok
 17771 | Lair:1   | Reached skill level 11 in Polearms
 18471 | Lair:2   | Reached skill level 12 in Polearms
 18475 | Lair:2   | Noticed a seven-headed hydra
 18480 | Lair:2   | Killed a seven-headed hydra
 18945 | Lair:2   | Found a staircase to the Snake Pit.
 19051 | Lair:2   | Noticed Sonja
 19053 | Lair:2   | Noticed Sonja
 19053 | Lair:2   | Sonja changed into Sonja the sky beast
 19056 | Lair:2   | Killed Sonja the sky beast
 19495 | Lair:2   | Found a staircase to the Shoals.
 19537 | Lair:2   | Noticed a catoblepas
 19543 | Lair:2   | Killed a catoblepas
 19681 | Lair:2   | Reached skill level 5 in Dodging
 19681 | Lair:2   | Reached XP level 13. HP: 119/119 MP: 19/19
 20326 | Lair:3   | You fall into a shaft and drop 1 floor!
 22187 | Lair:3   | Reached skill level 10 in Dodging
 23608 | Lair:5   | Reached skill level 1 in Axes
 23637 | Lair:5   | Found a staircase to the Slime Pits.
 23637 | Lair:5   | Found a viscous altar of Jiyva.
 24357 | Lair:6   | Entered Level 6 of the Lair of Beasts
 24368 | Lair:6   | Reached skill level 5 in Axes
 25059 | Lair:6   | Reached XP level 14. HP: 93/127 MP: 20/20
 25383 | Lair:6   | Reached skill level 10 in Axes
 25383 | Lair:6   | HP: 6/127 [poisoned by a black mamba]
 25975 | Lair:6   | Identified the +9 rapier "Miebbotyo" {freeze, +Blink rPois
                  | Will++ Dex-5}
 26012 | Lair:6   | Reached skill level 1 in Evocations
 26969 | Lair:6   | Reached skill level 5 in Evocations
 27870 | Orc:2    | Entered Level 2 of the Orcish Mines
 28065 | Orc:2    | Found a gate leading to a gauntlet.
 28113 | Orc:1    | Noticed an orc warlord
 28113 | Orc:1    | Noticed Erica
 29190 | Orc:2    | Found a staircase to the Elven Halls.
 29778 | Orc:2    | Reached XP level 15. HP: 83/134 MP: 10/21
 30043 | Orc:2    | Found Caling's General Store.
 30049 | Orc:2    | Bought a scroll of teleportation for 51 gold pieces
 30049 | Orc:2    | Bought a scroll of teleportation for 51 gold pieces
 30580 | Orc:2    | Found Gusen's Armour Shoppe.
 30775 | Orc:2    | Found Ameggifa's Magic Scroll Shoppe.
 30777 | Orc:2    | Found Niymmotent's Assorted Antiques.
 30786 | Orc:2    | Bought a potion of heal wounds for 180 gold pieces
 30786 | Orc:2    | Bought a scroll of acquirement for 1872 gold pieces
 30786 | Orc:2    | Acquired a manual of Polearms
 30868 | Orc:2    | Bought 3 scrolls of enchant armour for 315 gold pieces
 30874 | Orc:2    | Bought a scroll of enchant armour for 105 gold pieces
 31021 | D:12     | Reached skill level 13 in Polearms
 31666 | D:12     | Reached skill level 14 in Polearms
 31988 | D:12     | Found Etigis's Weapon Shop.
 31999 | D:12     | Reached skill level 15 in Polearms
 32307 | D:12     | Identified the +3 scale mail "Lanty" {+Inv Stlth+}
 32380 | D:12     | Noticed Azrael
 32388 | D:12     | Killed Azrael
 32396 | D:12     | HP: 6/201 [fire elemental[a deep elf pyromancer] (8)]
 32396 | D:12     | Killed from afar by a deep elf pyromancer

Illustrated notes

Levels and vault maps discovered:
D:1:      arrival_zaba_pyramid, layout_basic, hellmonk_ecumenical_altar_lost_god
D:2:      layout_basic, basic_altar, minmay_pentomino_o2
D:3:      layout_basic, serial_curves, eino_curves_03, eino_curves_02,
          uniq_natasha
D:4:      layout_basic
D:5:      layout_loops_ring, grunt_temple_overflow_open, temple_fountains,
          uniq_blork_the_orc, uniq_edmund
D:6:      layout_basic, lemuel_doored_altar, uniq_duvessa
D:7:      layout_loops_corners, nicolae_sif_muna_little_library, serial_glass,
          glass_columns_a, glass_columns_a, glass_columns_a, glass_columns_a,
          glass_columns_c, glass_columns_a, glass_columns_a, glass_columns_b
D:8:      layout_rooms, dk_yredelemnul_ordeal, kiku_gazebo_pond_becter
D:9:      layout_irregular_city, david_lair_generic, gammafunk_ghost_arena,
          serial_shops, nicolae_shop_advertising_works
          [nicolae_subvault_shop_adworks]
D:10:     hangedman_cross_stitches, layout_basic, zin_academy,
          trog_butcher_becter, zombieorc1_lemuel, kennysheep_potato
D:11:     layout_loops_cross, hellmonk_guarded_unrand_gong
D:12:     minmay_strange_plus, layout_grid_maze, serial_shops,
          nicolae_shop_bloodbath_and_beyond, uniq_azrael
Lair:1:   layout_regular_city, chequers_serial_rivers_micro_e,
          beast_lair_carwin_10, uniq_gastronok
Lair:2:   layout_hall_layers, elwin_shoals_entry_rooms,
          minmay_snake_entry_guardpost_small, uniq_sonja
Lair:3:   layout_concentric_octagons, serial_bayou_shore_a,
          infiniplex_staircase_pool_2
Lair:4:   layout_roguey, minivault_27, nzn_sisyphean_effort
Lair:5:   layout_roguey, slime_entry_1, fungi_pond_lemuel
Lair:6:   hangedman_lair_tendril_chambers, layout_hall_layers,
          hangedman_lair_caniforms_friends
Orc:1:    layout_caves, uniq_erica, uniq_josephine
Orc:2:    hellmonk_orc_salted, layout_diamond_mine, gauntlet_entry_generic,
          david_defended_altar_orc

Skill      XL: |  1  2  3  4  5  6  7  8  9 10 11 12 13 14 15 |
---------------+----------------------------------------------+-----
Ranged Weapons | 5 6 8 10 | 10.8
Polearms       | 2 4 6 7 12 15 | 15.6
Invocations    | 4 9 10 | 10.3
Armour         | 9 10 | 10.2
Fighting       | 11 12 | 12.3
Dodging        | 5 11 | 11.1
Axes           | 7 12 13 | 13.8
Evocations     | 6 |  6.7
Stealth        | |  0.7

Action                   |  1- 3 |  4- 6 |  7- 9 | 10-12 | 13-15 || total
-------------------------+-------+-------+-------+-------+-------++-------
Melee: Spear             |       |     5 |     5 |    16 |     5 ||    31
       Headbutt          |       |       |     2 |     6 |    22 ||    30
       Punch             |       |       |       |     1 |       ||     1
       Battleaxe         |       |       |       |       |    32 ||    32
       Triple crossbow   |       |       |       |       |     1 ||     1
       Glaive            |       |       |       |       |    27 ||    27
 Fire: Shortbow          |   102 |       |       |       |       ||   102
       Triple crossbow   |     2 |    52 |   145 |   280 |   552 ||  1031
Invok: Slouch            |       |       |     2 |    17 |    22 ||    41
       Temporal Distorti |       |       |       |       |     1 ||     1
       Step From Time    |       |       |       |       |     1 ||     1
Evoke: Wand              |       |       |       |     2 |     2 ||     4
       Box of beasts     |       |       |       |       |     2 ||     2
       Phial of floods   |       |       |       |       |     2 ||     2
  Use: Scroll            |     4 |     3 |    12 |    12 |    21 ||    52
       Potion            |       |       |     2 |       |     8 ||    10
Armor: Leather armour    |     5 |       |       |       |       ||     5
       Scale mail        |    38 |     4 |       |       |       ||    42
       Chain mail        |       |    19 |       |       |       ||    19
       Plate armour      |       |       |    70 |   242 |   438 ||   750
Dodge: Dodged            |    56 |    29 |    63 |   160 |   814 ||  1122

Table legend: (Time is in decaauts)
 A = Elapsed time spent in this place.
 B = Non-inter-level travel time spent in this place.
 C = Inter-level travel time spent in this place.
 D = Time resting spent in this place.
 E = Time spent auto-exploring this place.
 F = Levels seen in this place.
 G = Mean time per level.
                   A        B        C        D        E       F      G
               +--------+--------+--------+--------+--------+-----+--------+
         Total |  42359 |  40447 |   1912 |  16535 |  17748 |  20 | 2117.9 |
       Dungeon |  23202 |  22040 |   1162 |   8597 |  10187 |  12 | 1933.5 |
          Lair |  14845 |  14369 |    476 |   6352 |   5859 |   6 | 2474.2 |
  Orcish Mines |   4312 |   4038 |    274 |   1585 |   1700 |   2 | 2156.0 |
               +--------+--------+--------+--------+--------+-----+--------+

Top non-repeatable levels by time:
  Lair:6: 4102 daAuts
   Orc:2: 3684 daAuts
     D:9: 3392 daAuts
  Lair:3: 2877 daAuts
  Lair:1: 2779 daAuts
    D:11: 2705 daAuts
    D:10: 2523 daAuts
     D:5: 2464 daAuts
     D:7: 2030 daAuts
     D:4: 1927 daAuts
  Lair:2: 1880 daAuts
  Lair:4: 1729 daAuts
     D:2: 1564 daAuts
    D:12: 1543 daAuts
     D:6: 1500 daAuts
